 Dungeon Crawl Stone Soup version 0.17.1-1-g73c8601 (webtiles) character file.

914 shmeve the Skirmisher (level 7, 0/62 HPs)
             Began as a Red Draconian Berserker on Apr 18, 2016.
             Was a Priest of Trog.
             Succumbed to a worker ant's poison
             ... on level 5 of the Dungeon.
             The game lasted 00:09:47 (4224 turns).

shmeve the Skirmisher (Red Draconian Berserker)     Turns: 4224, Time: 00:09:47

Health: 0/62       AC:  7    Str: 22    XL:     7   Next: 82%
Magic:  7/7        EV: 13    Int:  7    God:    Trog [***...]
Gold:   192        SH:  0    Dex: 10    Spells: 0 memorised, 6 levels left

rFire  + . .     SeeInvis .     h - +1 hand axe (flame)
rCold  . . .     Clarity  .     (armour unavailable)
rNeg   . . .     SustAt   .     (no shield)
rPois  .         Gourm    .     (helmet restricted)
rElec  .         Spirit   .     i - +0 cloak
rCorr  .         Warding  .     (no gloves)
rMut   .         Stasis   .     (no boots)
MR     .....                    (no amulet)
Stlth  ++........               (no ring)
                                (no ring)

@: lethally poisoned (0 -> -2), not resistant to hostile enchantments,
unstealthy
A: breathe fire, unfitting armour, fire resistance 1, cold-blooded, AC +6
a: Breathe Fire, Berserk, Trog's Hand, Burn Spellbooks, Renounce Religion


You were on level 5 of the Dungeon.
You worshipped Trog.
Trog was most pleased with you.
You were very hungry.

You visited 2 branches of the dungeon, and saw 6 of its levels.

You collected 192 gold pieces.

Inventory:

Hand Weapons
 h - a +1 hand axe of flaming (weapon)
Armour
 i - a +0 cloak (worn)
Wands
 a - a wand of digging (7)
 o - a wand of cold (7)
Scrolls
 d - 2 scrolls of teleportation
 f - 2 scrolls of remove curse
 g - 2 scrolls of immolation
 j - a scroll of identify
 r - a scroll of recharging
Potions
 e - a potion of invisibility
 k - a potion of cure mutation {unknown}
 l - a potion of resistance
 m - a potion of agility
 n - a potion of flight
 p - a potion of curing
 q - a potion of might
Comestibles
 b - 2 bread rations
 c - 2 beef jerkies


   Skills:
 * Level 5.9 Fighting
 * Level 5.6 Axes
 * Level 5.3 Dodging
 + Level 3.0 Stealth


You had 6 spell levels left.
You didn't know any spells.

Dungeon Overview and Level Annotations

Branches:
Dungeon (5/15)             Temple (1/1) D:4

Altars:
Cheibriados
Elyvilon
Fedhas
Kikubaaqudgha
Makhleb
Nemelex Xobeh
Okawaru
Qazlal
Ru
Xom
Yredelemnul
Zin


Innate Abilities, Weirdness & Mutations

You can breathe blasts of fire.
Your fiery red scales are hard (AC +6).
Your body does not fit into most forms of armour.
Your flesh is heat resistant.
You are cold-blooded and may be slowed by cold attacks.


Message History

* * * LOW HITPOINT WARNING * * *
You feel sick. Something hits you but does no damage.
* * * LOW HITPOINT WARNING * * *
You feel sick. The crimson imp barely misses you.
Something hits you but does no damage.
You're too confused to move!
The crimson imp laughs crazily.
The crimson imp closely misses you. Something hits you.
* * * LOW HITPOINT WARNING * * *
* * * LOW HITPOINT WARNING * * *
You feel sick.
The crimson imp blinks!
You hear some strange, mumbled words.
A puff of flame appears from out of thin air!
The puff of flame misses you.
You hear some strange, mumbled words.
A puff of flame appears from out of thin air!
The puff of flame misses you.
You feel less confused.
You die...

#########################
..#.......#.............#
..#.....(.#.............#
/.#.......#.....@.......+
..#.......#.......5.....#
..#...[...#............#
#####....##...##.).....#
.####'#####...##.†.....##
.........#.......)......#
.........#.........)....#
.........#..............#
...###...###..##.##....##


You could see a crimson imp.

Vanquished Creatures
  Grinder (D:4)
  A sky beast (D:5)
  Blork the orc (D:5)
  2 crimson imps (D:5)
  A giant frog zombie (D:5)
  3 hounds
  3 orc priests
  2 orc wizards (D:4)
  An iguana (D:5)
  3 worker ants
  8 adders
  A shadow imp (D:5)
  3 worms
  A giant gecko (D:2)
  19 orcs
  5 goblins
  7 hobgoblins
  3 jackals (D:2)
  A ball python skeleton (D:4)
  12 bats
  5 giant cockroaches
  2 giant gecko skeletons (D:4)
  6 giant newts
  4 kobolds
  2 quokkas
  2 rats
99 creatures vanquished.

Notes
Turn   | Place    | Note
--------------------------------------------------------------
     0 | D:1      | shmeve the Draconian Berserker began the quest for the Orb.
     0 | D:1      | Reached XP level 1. HP: 19/19 MP: 1/1
   340 | D:1      | Reached XP level 2. HP: 26/26 MP: 2/2
   708 | D:2      | Reached XP level 3. HP: 10/31 MP: 3/3
   725 | D:2      | Reached ** piety under Trog
   861 | D:2      | Found a white marble altar of Elyvilon.
  1162 | D:2      | Reached XP level 4. HP: 33/40 MP: 4/4
  1253 | D:2      | Found a burning altar of Makhleb.
  1253 | D:2      | Found a shimmering altar of Xom.
  1919 | D:3      | Found a sparkling altar of Nemelex Xobeh.
  1923 | D:3      | Found a sacrificial altar of Ru.
  1928 | D:3      | Found an iron altar of Okawaru.
  2289 | D:4      | Reached skill level 4 in Axes
  2298 | D:4      | Reached skill level 1 in Stealth
  2346 | D:4      | Reached XP level 5. HP: 23/46 MP: 5/5
  2625 | D:4      | Noticed a fire elemental
  2627 | D:4      | Found a stormy altar of Qazlal.
  2628 | D:4      | Noticed an air elemental
  2628 | D:4      | Noticed a water elemental
  2693 | D:4      | Noticed Grinder
  2715 | D:4      | Killed Grinder
  2715 | D:4      | Reached XP level 6. HP: 19/53 MP: 6/6
  3052 | D:4      | Found a staircase to the Ecumenical Temple.
  3083 | D:4      | Reached *** piety under Trog
  3083 | D:4      | Reached skill level 5 in Fighting
  3083 | D:4      | Reached skill level 5 in Axes
  3087 | D:4      | Your scales start taking on a fiery red colour.
  3087 | D:4      | Gained mutation: Your flesh is heat resistant. [Red Draconian growth]
  3087 | D:4      | Reached XP level 7. HP: 36/61 MP: 7/7
  3365 | Temple   | Entered the Ecumenical Temple
  3683 | D:4      | Found an ancient bone altar of Kikubaaqudgha.
  3687 | D:4      | Found a blossoming altar of Fedhas.
  3801 | D:5      | Entered Level 5 of the Dungeon
  3904 | D:5      | Noticed Blork the orc
  3915 | D:5      | Killed Blork the orc
  3915 | D:5      | Reached skill level 5 in Dodging
  4220 | D:5      | HP: 3/62 [poisoned by a worker ant]
  4222 | D:5      | HP: 1/62 [poisoned by a worker ant]
  4224 | D:5      | Succumbed to a worker ant's poison

Action                   |  1- 3 |  4- 6 |  7- 9 || total
-------------------------+-------+-------+-------++-------
Melee: Hand axe          |   113 |   110 |   106 ||   329
Invok: Burn Spellbooks   |       |     1 |       ||     1
       Berserk           |       |     3 |     1 ||     4
       Trog's Hand       |       |     1 |     1 ||     2
 Abil: Breathe Fire      |       |       |    11 ||    11
  Use: Potion            |     1 |       |       ||     1
       Scroll            |       |       |    12 ||    12
 Stab: Sleeping          |       |     1 |     1 ||     2
  Eat: Chunk             |     1 |     4 |     3 ||     8
       Meat ration       |       |     1 |       ||     1
       Beef jerky        |       |       |     2 ||     2
